Map: [ESL] Site Delta

Players

Harstem - Winner!

  • Race: Protoss Protoss
  • Spawn Location: 11:00

Scarlett

  • Race: Zerg Zerg
  • Spawn Location: 5:00

Event: ESL SC2 Masters 2023 Winter (Finals)

VOD

Have the link to the VOD?

Description

Time

  • Played on: Dec. 15, 2023, 6:58 p.m.
  • Length: 7:11

All games in this series

Show
View Real Time Build Order
Export as new Build Order

Harstem Protoss - Winner!

Build Orders: 1 Gate Expand, Oracle Opening 

Get SALT Encoding   

  12  0:00  Probe  
  13  0:12  Probe  
  14  0:18  Pylon  
  14  0:25  Probe (Chrono Boost)  
  15  0:35  Assimilator  
  15  0:37  Probe (Chrono Boost)  
  16  0:45  Probe (Chrono Boost)  
  16  0:46  Gateway  
  17  0:51  Probe  
  18  1:04  Probe  
  19  1:16  Probe  
  20  1:23  Nexus  
  20  1:33  Cybernetics Core  
  20  1:35  Probe  
  21  1:43  Assimilator  
  21  1:47  Probe  
  21  1:49  Pylon  
  22  1:59  Probe  
  23  2:07  Adept (Chrono Boost)  
  23  2:11  Probe (Chrono Boost)  
  23  2:12  Stargate  
  26  2:22  Warp Gate  
  26  2:25  Probe (Chrono Boost)  
  26  2:29  Adept  
  29  2:30  Probe (Chrono Boost)  
  29  2:35  Probe  
  31  2:39  Probe  
  32  2:47  Probe  
  33  2:51  Probe  
  33  2:54  Oracle (Chrono Boost)  
  37  2:59  Probe  
  37  3:03  Probe  
  41  3:09  Pylon  
  41  3:11  Probe  
  42  3:15  Probe  
  42  3:18  Gateway  
  43  3:23  Probe  
  43  3:25  Oracle (Chrono Boost)  
  44  3:28  Probe  
  46  3:35  Probe  
  46  3:40  Nexus, Probe  
  48  3:47  Pylon  
  48  3:48  Probe  
  49  3:52  Twilight Council  
  49  3:53  Probe  
  50  4:00  Probe  
  50  4:02  Assimilator  
  51  4:05  Probe  
  52  4:12  Probe  
  52  4:13  Gateway  
  52  4:14  Gateway, Stalker  
  55  4:18  Probe  
  55  4:20  Blink (Chrono Boost)  
  57  4:24  Probe, Pylon  
  57  4:26  Assimilator  
  58  4:34  Pylon  
  58  4:38  Stalker  
  58  4:39  Stalker  
  58  4:40  Probe  
  62  4:46  Probe  
  62  4:49  Shield Battery  
  62  4:52  Probe  
  64  4:57  Probe  
  64  4:58  Probe  
  66  5:04  Probe  
  67  5:08  Stalker x4  
  67  5:09  Probe  
  67  5:10  Probe  
  77  5:16  Probe  
  79  5:23  Pylon  
  80  5:30  Shield Battery  
  80  5:32  Forge  
  80  5:34  Stalker x3  
  84  5:36  Stalker  
  84  5:40  Shield Battery, Probe  
  84  5:41  Probe  
  84  5:42  Probe  
  89  5:52  Pylon, Probe  
  90  5:59  Stalker x4  
  90  6:02  Shield Battery  
  90  6:03  Probe  
  99  6:07  Probe  
  101  6:16  Pylon  
  100  6:23  Stalker x4  
  106  6:33  Probe  
  106  6:37  Probe  
  106  6:38  Probe  
  106  6:40  Gateway  
  106  6:48  Stalker x4  
  106  6:53  Probe x2  
  116  6:55  Gateway  
  116  6:57  Pylon  
  116  6:58  Pylon  
  117  7:09  Gateway  
Show
View Real Time Build Order
Export as new Build Order

Scarlett Zerg 

Build Orders: Hatch First 

Get SALT Encoding   

  12  0:00  Drone  
  13  0:12  Overlord  
  14  0:21  Drone  
  14  0:30  Drone x2  
  16  0:47  Hatchery  
  15  0:50  Drone  
  15  0:53  Drone  
  17  0:57  Drone  
  18  1:08  Extractor  
  17  1:12  Spawning Pool  
  17  1:15  Drone  
  18  1:18  Drone  
  18  1:28  Drone  
  19  1:38  Drone  
  20  1:49  Drone  
  21  1:58  Queen x2  
  21  1:59  Zergling x2, Overlord  
  26  2:09  Drone  
  26  2:11  Drone  
  28  2:16  Metabolic Boost  
  28  2:21  Drone x2  
  30  2:31  Hatchery  
  30  2:37  Drone x2  
  30  2:43  Queen  
  33  2:46  Overlord  
  33  2:49  Drone  
  34  2:53  Drone x2  
  36  3:03  Overlord  
  36  3:06  Drone x4  
  36  3:10  Queen  
  42  3:17  Drone x2  
  44  3:21  Queen  
  44  3:24  Overlord  
  46  3:29  Drone  
  47  3:36  Drone  
  47  3:39  Drone x3  
  51  3:43  Queen  
  53  3:48  Drone x3  
  53  3:49  Spore Crawler  
  53  3:53  Queen  
  53  3:55  Drone x3  
  60  3:59  Drone, Spore Crawler  
  60  4:03  Drone x3  
  60  4:05  Zergling x2  
  64  4:13  Drone, Overlord  
  64  4:14  Drone  
  66  4:22  Lair  
  66  4:24  Roach Warren  
  65  4:25  Extractor  
  65  4:26  Extractor, Drone  
  65  4:27  Drone x2  
  65  4:30  Overlord  
  65  4:31  Spore Crawler  
  65  4:32  Drone  
  65  4:34  Drone x3  
  69  4:39  Pneumatized Carapace  
  67  4:46  Drone x5  
  67  4:49  Drone x3  
  75  4:55  Overlord x2  
  75  4:57  Extractor  
  74  5:02  Overlord x3  
  74  5:07  Roach x2  
  74  5:10  Roach x2  
  84  5:14  Roach x4  
  84  5:18  Roach  
  92  5:28  Zergling x2, Roach  
  92  5:29  Zergling x6, Roach  
  92  5:34  Roach  
  100  5:38  Zergling x8  
  104  5:44  Zergling x8, Ravager x2  
  110  5:51  Zergling x10, Ravager  
  110  5:55  Zergling x2  
  110  5:56  Ravager  
  116  5:59  Zergling x2  
  116  6:00  Ravager  
  116  6:10  Zergling x16  
  119  6:19  Zergling x2  
  119  6:20  Zergling x6  
  106  6:34  Zergling x16  
  106  6:35  Overlord  
  107  6:47  Zergling x2  
  105  6:49  Hatchery  
  105  6:54  Ravager x4  
Tags
 
Add a new tag
Caveats
  • Supply blocks, unpowered buildings, or Contaminate may cause inaccurate times.
  • Supply counts are checked every 10 seconds.